Pick #1

Connor Bedard
Pick #2

Leo Carlsson
Pick #3

Adam Fantilli
Pick #4

Matvei Michkov
Pick #5

David Reinbacher
Pick #6

William Smith
Pick #7

Zachary Benson
Pick #8

Ryan Leonard
Pick #9

Gabriel Perreault
Pick #10

Axel Sandin-Pellika
Pick #11

Daniil But
Pick #12

Dalibor Dvorsky
Pick #13

Quentin Musty
Pick #14

Brayden Yager
Pick #15

Dmitry Simashev
Pick #16

Colby Barlow
Pick #17

Andrew Cristall
Pick #18

Easton Cowan
Pick #19

Jacob Fowler
Pick #20

Oliver Moore
Pick #21

Oliver Bonk
Pick #22

Tom Willander
Pick #23

Calum Ritchie
Pick #24

Tanner Molendyk
Pick #25

Gavin Brindley
Pick #26

Nate Danielson
Pick #27

Pick #28

Pick #29

Pick #30

Pick #31

Pick #32

Pick #33

Pick #34

Pick #35

Pick #36

Pick #37

Pick #38

Pick #39

Pick #40

Pick #41

Pick #42

Pick #43

Pick #44

Pick #45

Pick #46

Pick #47

Pick #48

Pick #49

Pick #50

Pick #51

Pick #52

Pick #53

Pick #54

Pick #55

Pick #56

Pick #57

Pick #58

Pick #59

Pick #60

Pick #61

Pick #62

Pick #63

Pick #64

Pick #65

Pick #66

Pick #67

Pick #68

Pick #69

Pick #70

Pick #71

Pick #72

Pick #73

Pick #74

Pick #75

Pick #76

Pick #77

Pick #78

Pick #79

Pick #80

Pick #81

Pick #82

Pick #83

Pick #84

Pick #85

Pick #86

Pick #87

Pick #88

Pick #89

Pick #90

Pick #91

Pick #92

Pick #93

Pick #94

Pick #95

Pick #96

Pick #97

Pick #98

Pick #99

Pick #100

Pick #101

Pick #102

Pick #103

Pick #104

Pick #105

Pick #106

Pick #107

Pick #108

Pick #109

Pick #110

Pick #111

Pick #112

Pick #113

Pick #114

Pick #115

Pick #116

Pick #117

Pick #118

Pick #119

Pick #120

Pick #121

Pick #122

Pick #123

Pick #124

Pick #125

Pick #126

Pick #127

Pick #128

Pick #129

Pick #130

Full Scoreboard »»

MapleLeafs vs Jets

Created - November 15, 2023 at 21:16

Goals
1 2 3 T
MapleLeafs 1 1 1 3
Jets 0 0 1 1
Shots
1 2 3 T
MapleLeafs 11 5 8 24
Jets 10 10 5 25

GoalsPenalties
1st period
1. MapleLeafs , Evgeny Kuznetsov 1 (Alexander Wennberg 9, Kasperi Kapanen 4) at 12:51
No Penalty
2nd period
2. MapleLeafs , Dylan DeMelo 3 (Mikael Granlund 6, Noel Acciari 3) at 18:26
No Penalty
3rd period
3. Jets , Andre Burakovsky 5 (Reilly Smith 8, Nick Schmaltz 12) at 1:57 (PP)
4. MapleLeafs , Erik Cernak 1 (John Marino 3, Evgeny Kuznetsov 8) at 19:37 (Empty Net)
Rasmus Sandin (TOR) for Cross-checking (Minor) at 0:47
Jake Bean (WPG) for High sticking (Minor) at 11:56
Goalie Stats
Darcy Kuemper (TOR), 24 saves from 25 shots - (0.960), W, 10-2-1, 60:00 minutes
Dan Vladar (WPG), 21 saves from 23 shots - (0.913), L, 4-3-0, 59:26 minutes
3 StarsOfficial
1 - Evgeny Kuznetsov (TOR)
2 - Erik Cernak (TOR)
3 - Dylan DeMelo (TOR)
Referees : Sean MacFarlane and TJ Luxmore
Linesman : Luke Murray and Luke Galvin
Game Note
Erik Cernak has scored in a empty net!
Finance
Level 1 -- Attendance: 4510 (75.17%) -- Ticket Income $608,850
Level 2 -- Attendance: 3235 (64.70%) -- Ticket Income $404,375
Level 3 -- Attendance: 1508 (68.55%) -- Ticket Income $180,960
Level 4 -- Attendance: 869 (85.53%) -- Ticket Income $99,935
Luxury Box -- Attendance: 490 (61.25%) -- Ticket Income $171,500
Game was played at the Canada Life Center.
Total Attendance: 10612 (70.67%)
Total Ticket Income: $1,465,620
Other Income: $366,405
Total Income: $1,832,025



Team Name Goals Shots Shots Attemp Shots Blocked PIM HIT PP PK FO%
MapleLeafs 3244942260 / 1 (0%)146%
Jets 1255352311 / 1 (100%)054%

MapleLeafs
Player Name POS G A P +/- PIM HIT SHT SB MP PP MP PP SHT PK MP PK SHT FO% FOT
Alexander RomanovD0002030114:080:0000:0000% 0
Alexander WennbergC0112001020:290:3900:00086% 7
Drake BathersonRW0000042022:171:2000:1600% 1
Dylan DeMeloD1012011214:240:0000:1600% 0
Erik CernakD1011042020:310:3900:5400% 0
Evgeny KuznetsovC1122051021:230:3900:54059% 17
Filip ChytilC000000000:000:0000:0000% 0
John MarinoD0111001120:310:3900:5400% 0
Jon MarchessaultLW/RW0000001022:171:2000:1600% 1
Jonatan BerggrenRW0001001016:200:0000:0000% 1
Jonathan HuberdeauC0000027025:341:2020:54036% 28
Kasperi KapanenRW0112043017:500:3900:000100% 2
Mikael GranlundC0111002016:200:0000:00040% 20
Nicolas HagueD0000001025:211:2000:1600% 0
Noel AcciariC0111020016:200:0000:0000% 2
Rasmus SandinD0000211025:041:2000:0000% 0
Sean MonahanC000000000:000:0000:0000% 0
Trent FredericC000000000:000:0000:0000% 0
Jets
Player Name POS G A P +/- PIM HIT SHT SB MP PP MP PP SHT PK MP PK SHT FO% FOT
Andre BurakovskyLW1010041018:590:3610:0000% 0
Andreas AthanasiouC000-2002017:280:3401:28052% 21
Connor MurphyD0000050120:430:0000:5800% 0
Darren HelmC000-1001010:350:0000:00070% 10
Dmitry OrlovD0000081025:070:3611:0100% 0
Garnet HathawayRW000-1021010:350:0000:0000% 1
Gustav NyquistC000-2003015:570:0000:31050% 2
Hampus LindholmD0000021225:050:3401:0100% 0
Jake BeanD000-3210113:350:0000:0000% 0
Mark JankowskiC0000025012:580:0000:31040% 15
Nate SchmidtD000-3010014:120:3600:0000% 0
Nick SchmaltzC0110001018:590:3600:00052% 23
Oliver BjorkstrandRW000-2001116:000:3400:000100% 2
Oskar SundqvistC0000013012:270:0000:0000% 1
Reilly SmithRW0110043020:270:3601:280100% 1
Thomas NovakC000-1001010:350:0000:000100% 2
Torey KrugD0000011021:170:3410:5800% 0
Victor OlofssonLW0000000013:010:3400:000100% 1



Play-by-Play

1st period


0:01 of 1st period - Nick Schmaltz wins face-off versus Jonathan Huberdeau in neutral zone.
0:54 of 1st period - Dmitry Orlov is hit by Drake Batherson and loses puck.
1:16 of 1st period - Icing by Connor Murphy.
1:17 of 1st period - Evgeny Kuznetsov wins face-off versus Andreas Athanasiou in Jets zone.
1:17 of 1st period - Evgeny Kuznetsov is hit by Connor Murphy.
1:36 of 1st period - Shot by Gustav Nyquist.
1:36 of 1st period - Stopped by Darcy Kuemper without a rebound.
1:37 of 1st period - Mark Jankowski wins face-off versus Jonatan Berggren in MapleLeafs zone.
1:37 of 1st period - Mark Jankowski is hit by Alexander Romanov.
1:55 of 1st period - Shot by Oskar Sundqvist.
1:55 of 1st period - Shot Blocked by Alexander Romanov.
2:42 of 1st period - Shot by Darren Helm.
2:42 of 1st period - Shot Misses the Net.
2:48 of 1st period - Shot by Darren Helm.
2:48 of 1st period - Shot Misses the Net.
3:06 of 1st period - Shot by Kasperi Kapanen.
3:06 of 1st period - Stopped by Dan Vladar without a rebound.
3:07 of 1st period - Andreas Athanasiou wins face-off versus Jonathan Huberdeau in Jets zone.
3:22 of 1st period - Shot by Andreas Athanasiou.
3:22 of 1st period - Shot Misses the Net.
3:24 of 1st period - Shot by Dmitry Orlov.
3:24 of 1st period - Shot Misses the Net.
3:26 of 1st period - Shot by Hampus Lindholm.
3:26 of 1st period - Shot Misses the Net.
3:38 of 1st period - Shot by Rasmus Sandin.
3:38 of 1st period - Stopped by Dan Vladar with a rebound.
5:02 of 1st period - Shot by Kasperi Kapanen.
5:02 of 1st period - Stopped by Dan Vladar with a rebound.
5:11 of 1st period - Mark Jankowski is hit by Erik Cernak and loses puck.
5:14 of 1st period - Shot by Mark Jankowski.
5:14 of 1st period - Stopped by Darcy Kuemper without a rebound.
5:15 of 1st period - Darren Helm wins face-off versus Mikael Granlund in MapleLeafs zone.
5:26 of 1st period - Shot by Darren Helm.
5:26 of 1st period - Stopped by Darcy Kuemper without a rebound.
5:27 of 1st period - Oliver Bjorkstrand wins face-off versus Mikael Granlund in MapleLeafs zone.
5:31 of 1st period - Gustav Nyquist is hit by Dylan DeMelo.
6:06 of 1st period - Shot by Jonatan Berggren.
6:06 of 1st period - Stopped by Dan Vladar without a rebound.
6:07 of 1st period - Alexander Wennberg wins face-off versus Darren Helm in Jets zone.
6:27 of 1st period - Shot by Alexander Wennberg.
6:27 of 1st period - Shot Misses the Net.
6:46 of 1st period - Dmitry Orlov is hit by Evgeny Kuznetsov and loses puck.
7:25 of 1st period - Jon Marchessault is hit by Andre Burakovsky and loses puck.
7:50 of 1st period - Shot by Reilly Smith.
7:50 of 1st period - Stopped by Darcy Kuemper without a rebound.
7:51 of 1st period - Mark Jankowski wins face-off versus Mikael Granlund in MapleLeafs zone.
8:05 of 1st period - Jonatan Berggren is hit by Nate Schmidt and loses puck.
8:49 of 1st period - Icing by Dmitry Orlov.
8:50 of 1st period - Evgeny Kuznetsov wins face-off versus Andreas Athanasiou in Jets zone.
8:57 of 1st period - Shot by Alexander Wennberg.
8:57 of 1st period - Shot Blocked by Oliver Bjorkstrand.
9:11 of 1st period - Shot by Andreas Athanasiou.
9:11 of 1st period - Stopped by Darcy Kuemper without a rebound.
9:12 of 1st period - Jonathan Huberdeau wins face-off versus Nick Schmaltz in MapleLeafs zone.
9:12 of 1st period - Jonathan Huberdeau is hit by Andre Burakovsky.
9:17 of 1st period - Jon Marchessault is hit by Andre Burakovsky and loses puck.
9:22 of 1st period - Shot by Drake Batherson.
9:22 of 1st period - Stopped by Dan Vladar without a rebound.
9:23 of 1st period - Andreas Athanasiou wins face-off versus Alexander Wennberg in Jets zone.
9:38 of 1st period - Andreas Athanasiou is hit by Jonathan Huberdeau and loses puck.
9:59 of 1st period - Shot by Gustav Nyquist.
9:59 of 1st period - Stopped by Darcy Kuemper without a rebound.
10:00 of 1st period - Mikael Granlund wins face-off versus Nick Schmaltz in MapleLeafs zone.
10:02 of 1st period - Icing by John Marino.
10:03 of 1st period - Nick Schmaltz wins face-off versus Mikael Granlund in MapleLeafs zone.
10:07 of 1st period - Icing by John Marino.
10:08 of 1st period - Mikael Granlund wins face-off versus Nick Schmaltz in MapleLeafs zone.
10:55 of 1st period - Andre Burakovsky is hit by Erik Cernak and loses puck.
11:51 of 1st period - Shot by Mark Jankowski.
11:51 of 1st period - Stopped by Darcy Kuemper with a rebound.
11:53 of 1st period - Shot by Oskar Sundqvist.
11:53 of 1st period - Shot Misses the Net.
12:47 of 1st period - Shot by Kasperi Kapanen.
12:47 of 1st period - Shot Misses the Net.
12:49 of 1st period - Shot by Alexander Wennberg.
12:49 of 1st period - Shot Misses the Net.
12:51 of 1st period - Shot by Evgeny Kuznetsov.
12:51 of 1st period - Goal by Evgeny Kuznetsov - MapleLeafs : 1 - Jets : 0.
12:52 of 1st period - Thomas Novak wins face-off versus Evgeny Kuznetsov in neutral zone.
12:59 of 1st period - Shot by Garnet Hathaway.
12:59 of 1st period - Shot Misses the Net.
13:04 of 1st period - Erik Cernak is hit by Garnet Hathaway and loses puck.
13:30 of 1st period - Evgeny Kuznetsov is hit by Dmitry Orlov and loses puck.
13:42 of 1st period - Icing by Dmitry Orlov.
13:43 of 1st period - Darren Helm wins face-off versus Noel Acciari in Jets zone.
13:49 of 1st period - Hampus Lindholm is hit by Alexander Romanov and loses puck.
14:03 of 1st period - Noel Acciari is hit by Dmitry Orlov and loses puck.
14:22 of 1st period - Mikael Granlund is hit by Dmitry Orlov and loses puck.
15:14 of 1st period - Jonathan Huberdeau is hit by Andre Burakovsky and loses puck.
15:27 of 1st period - Shot by Drake Batherson.
15:27 of 1st period - Stopped by Dan Vladar without a rebound.
15:28 of 1st period - Mikael Granlund wins face-off versus Andreas Athanasiou in Jets zone.
15:43 of 1st period - Shot by Oliver Bjorkstrand.
15:43 of 1st period - Stopped by Darcy Kuemper without a rebound.
15:44 of 1st period - Jonathan Huberdeau wins face-off versus Mark Jankowski in MapleLeafs zone.
15:44 of 1st period - Jonathan Huberdeau is hit by Mark Jankowski.
16:13 of 1st period - Shot by Jon Marchessault.
16:13 of 1st period - Stopped by Dan Vladar without a rebound.
16:14 of 1st period - Andreas Athanasiou wins face-off versus Evgeny Kuznetsov in Jets zone.
16:48 of 1st period - Shot by Andreas Athanasiou.
16:48 of 1st period - Shot Misses the Net.
16:50 of 1st period - Shot by Gustav Nyquist.
16:50 of 1st period - Stopped by Darcy Kuemper without a rebound.
16:51 of 1st period - Jonathan Huberdeau wins face-off versus Nick Schmaltz in MapleLeafs zone.
16:58 of 1st period - Shot by Jon Marchessault.
16:58 of 1st period - Shot Blocked by Jake Bean.
17:12 of 1st period - Shot by Drake Batherson.
17:12 of 1st period - Deflect By Jonathan Huberdeau.
17:12 of 1st period - Stopped by Dan Vladar without a rebound.
17:13 of 1st period - Mark Jankowski wins face-off versus Mikael Granlund in Jets zone.
17:13 of 1st period - Mark Jankowski is hit by Noel Acciari.
17:21 of 1st period - Noel Acciari is hit by Mark Jankowski.
17:24 of 1st period - Off-side.
17:25 of 1st period - Alexander Wennberg wins face-off versus Nick Schmaltz in neutral zone.
17:32 of 1st period - Reilly Smith is hit by Evgeny Kuznetsov and loses puck.
17:42 of 1st period - Shot by Nick Schmaltz.
17:42 of 1st period - Shot Misses the Net.
17:44 of 1st period - Shot by Nick Schmaltz.
17:44 of 1st period - Deflect By Reilly Smith.
17:44 of 1st period - Shot Misses the Net.
17:46 of 1st period - Shot by Andre Burakovsky.
17:46 of 1st period - Shot Misses the Net.
17:48 of 1st period - Shot by Reilly Smith.
17:48 of 1st period - Stopped by Darcy Kuemper without a rebound.
17:49 of 1st period - Mikael Granlund wins face-off versus Andreas Athanasiou in MapleLeafs zone.
19:25 of 1st period - Shot by Rasmus Sandin.
19:25 of 1st period - Deflect By Jonathan Huberdeau.
19:25 of 1st period - Stopped by Dan Vladar without a rebound.
19:26 of 1st period - Kasperi Kapanen wins face-off versus Mark Jankowski in Jets zone.
19:31 of 1st period - Shot by Kasperi Kapanen.
19:31 of 1st period - Stopped by Dan Vladar without a rebound.
19:32 of 1st period - Evgeny Kuznetsov wins face-off versus Mark Jankowski in Jets zone.
Goals for this period are 1 for MapleLeafs vs 0 for Jets.
Shots for this period are 11 for MapleLeafs vs 10 for Jets.

2nd period


0:01 of 2nd period - Alexander Wennberg wins face-off versus Nick Schmaltz in neutral zone.
0:31 of 2nd period - Icing by Evgeny Kuznetsov.
0:32 of 2nd period - Alexander Wennberg wins face-off versus Oskar Sundqvist in MapleLeafs zone.
0:49 of 2nd period - Shot by Victor Olofsson.
0:49 of 2nd period - Deflect By Mark Jankowski.
0:49 of 2nd period - Stopped by Darcy Kuemper without a rebound.
0:50 of 2nd period - Andreas Athanasiou wins face-off versus Mikael Granlund in MapleLeafs zone.
1:23 of 2nd period - Shot by Mikael Granlund.
1:23 of 2nd period - Stopped by Dan Vladar without a rebound.
1:24 of 2nd period - Nick Schmaltz wins face-off versus Jonathan Huberdeau in Jets zone.
1:42 of 2nd period - Shot by Nick Schmaltz.
1:42 of 2nd period - Shot Misses the Net.
1:50 of 2nd period - Shot by Reilly Smith.
1:50 of 2nd period - Shot Misses the Net.
1:52 of 2nd period - Shot by Hampus Lindholm.
1:52 of 2nd period - Shot Blocked by John Marino.
1:54 of 2nd period - Shot by Reilly Smith.
1:54 of 2nd period - Stopped by Darcy Kuemper without a rebound.
1:55 of 2nd period - Evgeny Kuznetsov wins face-off versus Mark Jankowski in MapleLeafs zone.
1:55 of 2nd period - Evgeny Kuznetsov is hit by Oskar Sundqvist.
2:00 of 2nd period - Nicolas Hague is hit by Connor Murphy and loses puck.
2:09 of 2nd period - Shot by Victor Olofsson.
2:09 of 2nd period - Deflect By Oskar Sundqvist.
2:09 of 2nd period - Stopped by Darcy Kuemper without a rebound.
2:10 of 2nd period - Mikael Granlund wins face-off versus Darren Helm in MapleLeafs zone.
2:20 of 2nd period - Icing by Alexander Romanov.
2:21 of 2nd period - Nick Schmaltz wins face-off versus Mikael Granlund in MapleLeafs zone.
2:42 of 2nd period - Shot by Noel Acciari.
2:42 of 2nd period - Shot Misses the Net.
2:44 of 2nd period - Shot by Mikael Granlund.
2:44 of 2nd period - Shot Misses the Net.
2:46 of 2nd period - Shot by Mikael Granlund.
2:46 of 2nd period - Stopped by Dan Vladar without a rebound.
2:47 of 2nd period - Jonathan Huberdeau wins face-off versus Mark Jankowski in Jets zone.
2:48 of 2nd period - Shot by Jon Marchessault.
2:48 of 2nd period - Shot Blocked by Connor Murphy.
2:50 of 2nd period - Shot by Jon Marchessault.
2:50 of 2nd period - Shot Misses the Net.
3:08 of 2nd period - Shot by Jon Marchessault.
3:08 of 2nd period - Shot Misses the Net.
3:10 of 2nd period - Shot by Jonathan Huberdeau.
3:10 of 2nd period - Stopped by Dan Vladar without a rebound.
3:11 of 2nd period - Alexander Wennberg wins face-off versus Andreas Athanasiou in Jets zone.
3:34 of 2nd period - Icing by Alexander Wennberg.
3:35 of 2nd period - Darren Helm wins face-off versus Evgeny Kuznetsov in MapleLeafs zone.
4:00 of 2nd period - Alexander Wennberg is hit by Connor Murphy.
4:31 of 2nd period - Drake Batherson is hit by Hampus Lindholm and loses puck.
5:06 of 2nd period - Icing by Nicolas Hague.
5:07 of 2nd period - Jonathan Huberdeau wins face-off versus Andreas Athanasiou in MapleLeafs zone.
5:45 of 2nd period - Off-side.
5:46 of 2nd period - Mark Jankowski wins face-off versus Evgeny Kuznetsov in neutral zone.
5:48 of 2nd period - Torey Krug is hit by Evgeny Kuznetsov and loses puck.
6:04 of 2nd period - Torey Krug is hit by Evgeny Kuznetsov and loses puck.
6:22 of 2nd period - Icing by Mark Jankowski.
6:23 of 2nd period - Victor Olofsson wins face-off versus Jonathan Huberdeau in Jets zone.
6:32 of 2nd period - Shot by Victor Olofsson.
6:32 of 2nd period - Shot Misses the Net.
6:34 of 2nd period - Shot by Oskar Sundqvist.
6:34 of 2nd period - Stopped by Darcy Kuemper with a rebound.
6:36 of 2nd period - Shot by Oskar Sundqvist.
6:36 of 2nd period - Stopped by Darcy Kuemper without a rebound.
6:37 of 2nd period - Nick Schmaltz wins face-off versus Mikael Granlund in MapleLeafs zone.
7:22 of 2nd period - Off-side.
7:23 of 2nd period - Oliver Bjorkstrand wins face-off versus Jonathan Huberdeau in neutral zone.
7:33 of 2nd period - Shot by Andreas Athanasiou.
7:33 of 2nd period - Stopped by Darcy Kuemper without a rebound.
7:34 of 2nd period - Evgeny Kuznetsov wins face-off versus Garnet Hathaway in MapleLeafs zone.
7:48 of 2nd period - Shot by Garnet Hathaway.
7:48 of 2nd period - Stopped by Darcy Kuemper without a rebound.
7:49 of 2nd period - Andreas Athanasiou wins face-off versus Jon Marchessault in MapleLeafs zone.
8:11 of 2nd period - Gustav Nyquist is hit by Erik Cernak.
8:16 of 2nd period - Icing by John Marino.
8:17 of 2nd period - Jonathan Huberdeau wins face-off versus Nick Schmaltz in MapleLeafs zone.
8:21 of 2nd period - Off-side.
8:22 of 2nd period - Nick Schmaltz wins face-off versus Evgeny Kuznetsov in neutral zone.
8:39 of 2nd period - Rasmus Sandin is hit by Reilly Smith.
8:47 of 2nd period - Shot by Alexander Wennberg.
8:47 of 2nd period - Shot Misses the Net.
9:46 of 2nd period - Shot by Mark Jankowski.
9:46 of 2nd period - Stopped by Darcy Kuemper without a rebound.
9:47 of 2nd period - Mikael Granlund wins face-off versus Andreas Athanasiou in MapleLeafs zone.
10:41 of 2nd period - Jake Bean is hit by Kasperi Kapanen and loses puck.
11:04 of 2nd period - Shot by Kasperi Kapanen.
11:04 of 2nd period - Deflect By Alexander Wennberg.
11:04 of 2nd period - Shot Misses the Net.
11:17 of 2nd period - Icing by Torey Krug.
11:18 of 2nd period - Darren Helm wins face-off versus Jonathan Huberdeau in Jets zone.
11:18 of 2nd period - Garnet Hathaway is hit by Drake Batherson and loses puck.
11:41 of 2nd period - Shot by Jonathan Huberdeau.
11:41 of 2nd period - Stopped by Dan Vladar without a rebound.
11:42 of 2nd period - Mikael Granlund wins face-off versus Mark Jankowski in Jets zone.
11:42 of 2nd period - Mikael Granlund is hit by Dmitry Orlov.
11:50 of 2nd period - Shot by Noel Acciari.
11:50 of 2nd period - Shot Misses the Net.
11:55 of 2nd period - Icing by Oskar Sundqvist.
11:56 of 2nd period - Jonathan Huberdeau wins face-off versus Mark Jankowski in Jets zone.
11:56 of 2nd period - Jonathan Huberdeau is hit by Dmitry Orlov.
12:26 of 2nd period - Shot by Mark Jankowski.
12:26 of 2nd period - Stopped by Darcy Kuemper without a rebound.
12:27 of 2nd period - Kasperi Kapanen wins face-off versus Nick Schmaltz in MapleLeafs zone.
12:27 of 2nd period - Kasperi Kapanen is hit by Reilly Smith.
12:53 of 2nd period - Shot by Reilly Smith.
12:53 of 2nd period - Shot Misses the Net.
12:55 of 2nd period - Shot by Nick Schmaltz.
12:55 of 2nd period - Stopped by Darcy Kuemper without a rebound.
12:56 of 2nd period - Andreas Athanasiou wins face-off versus Jonathan Huberdeau in MapleLeafs zone.
12:57 of 2nd period - Shot by Hampus Lindholm.
12:57 of 2nd period - Shot Misses the Net.
13:32 of 2nd period - Jonathan Huberdeau is hit by Hampus Lindholm and loses puck.
13:38 of 2nd period - Jon Marchessault is hit by Dmitry Orlov and loses puck.
14:14 of 2nd period - Icing by Erik Cernak.
14:15 of 2nd period - Evgeny Kuznetsov wins face-off versus Mark Jankowski in MapleLeafs zone.
15:22 of 2nd period - Icing by Alexander Romanov.
15:23 of 2nd period - Darren Helm wins face-off versus Noel Acciari in MapleLeafs zone.
16:33 of 2nd period - Nicolas Hague is hit by Garnet Hathaway and loses puck.
17:50 of 2nd period - Nate Schmidt is hit by Evgeny Kuznetsov and loses puck.
18:11 of 2nd period - Shot by Andreas Athanasiou.
18:11 of 2nd period - Shot Misses the Net.
18:26 of 2nd period - Shot by Dylan DeMelo.
18:26 of 2nd period - Goal by Dylan DeMelo - MapleLeafs : 2 - Jets : 0.
18:27 of 2nd period - Mark Jankowski wins face-off versus Jonathan Huberdeau in neutral zone.
18:36 of 2nd period - Shot by Mark Jankowski.
18:36 of 2nd period - Shot Misses the Net.
18:41 of 2nd period - Icing by Jonathan Huberdeau.
18:42 of 2nd period - Nick Schmaltz wins face-off versus Jonathan Huberdeau in MapleLeafs zone.
Goals for this period are 1 for MapleLeafs vs 0 for Jets.
Shots for this period are 5 for MapleLeafs vs 10 for Jets.

3rd period


0:01 of 3rd period - Alexander Wennberg wins face-off versus Nick Schmaltz in neutral zone.
0:26 of 3rd period - Rasmus Sandin is hit by Reilly Smith.
0:45 of 3rd period - Icing by Jonathan Huberdeau.
0:46 of 3rd period - Andreas Athanasiou wins face-off versus Jonathan Huberdeau in MapleLeafs zone.
0:46 of 3rd period - Gustav Nyquist is hit by Rasmus Sandin and loses puck.
0:47 of 3rd period - Minor Penalty to Rasmus Sandin for Cross-checking.
0:48 of 3rd period - Andreas Athanasiou wins face-off versus Jonathan Huberdeau in MapleLeafs zone.
1:19 of 3rd period - Shot by Oliver Bjorkstrand.
1:19 of 3rd period - Shot Misses the Net.
1:21 of 3rd period - Shot by Torey Krug.
1:21 of 3rd period - Stopped by Darcy Kuemper without a rebound.
1:22 of 3rd period - Nick Schmaltz wins face-off versus Jonathan Huberdeau in MapleLeafs zone.
1:30 of 3rd period - Shot by Nick Schmaltz.
1:30 of 3rd period - Shot Misses the Net.
1:32 of 3rd period - Shot by Dmitry Orlov.
1:32 of 3rd period - Stopped by Darcy Kuemper with a rebound.
1:44 of 3rd period - Shot by Nick Schmaltz.
1:44 of 3rd period - Shot Misses the Net.
1:46 of 3rd period - Shot by Reilly Smith.
1:46 of 3rd period - Shot Misses the Net.
1:48 of 3rd period - Shot by Andre Burakovsky.
1:48 of 3rd period - Shot Misses the Net.
1:55 of 3rd period - Shot by Reilly Smith.
1:55 of 3rd period - Shot Misses the Net.
1:57 of 3rd period - Shot by Andre Burakovsky.
1:57 of 3rd period - Goal by Andre Burakovsky - MapleLeafs : 2 - Jets : 1.
1:58 of 3rd period - Andreas Athanasiou wins face-off versus Mikael Granlund in neutral zone.
3:26 of 3rd period - Kasperi Kapanen is hit by Dmitry Orlov and loses puck.
3:32 of 3rd period - Nick Schmaltz is hit by Kasperi Kapanen and loses puck.
3:39 of 3rd period - Evgeny Kuznetsov is hit by Reilly Smith and loses puck.
5:38 of 3rd period - Mikael Granlund is hit by Connor Murphy.
5:47 of 3rd period - Icing by Torey Krug.
5:48 of 3rd period - Jonathan Huberdeau wins face-off versus Darren Helm in Jets zone.
6:07 of 3rd period - Shot by Jonathan Huberdeau.
6:07 of 3rd period - Stopped by Dan Vladar without a rebound.
6:08 of 3rd period - Evgeny Kuznetsov wins face-off versus Nick Schmaltz in Jets zone.
7:04 of 3rd period - Icing by Dmitry Orlov.
7:05 of 3rd period - Nick Schmaltz wins face-off versus Jonathan Huberdeau in Jets zone.
7:11 of 3rd period - Icing by Reilly Smith.
7:12 of 3rd period - Nick Schmaltz wins face-off versus Jonathan Huberdeau in Jets zone.
7:12 of 3rd period - Nick Schmaltz is hit by Jonathan Huberdeau.
7:28 of 3rd period - Shot by Nicolas Hague.
7:28 of 3rd period - Stopped by Dan Vladar without a rebound.
7:29 of 3rd period - Mikael Granlund wins face-off versus Andreas Athanasiou in Jets zone.
7:50 of 3rd period - Shot by Noel Acciari.
7:50 of 3rd period - Shot Misses the Net.
7:52 of 3rd period - Shot by Erik Cernak.
7:52 of 3rd period - Shot Misses the Net.
8:19 of 3rd period - Icing by Connor Murphy.
8:20 of 3rd period - Gustav Nyquist wins face-off versus Jonathan Huberdeau in Jets zone.
9:14 of 3rd period - Icing by Jonathan Huberdeau.
9:15 of 3rd period - Jonathan Huberdeau wins face-off versus Nick Schmaltz in MapleLeafs zone.
9:47 of 3rd period - Jake Bean is hit by Erik Cernak and loses puck.
11:17 of 3rd period - Shot by Hampus Lindholm.
11:17 of 3rd period - Stopped by Darcy Kuemper with a rebound.
11:33 of 3rd period - Shot by Thomas Novak.
11:33 of 3rd period - Stopped by Darcy Kuemper without a rebound.
11:34 of 3rd period - Mark Jankowski wins face-off versus Evgeny Kuznetsov in MapleLeafs zone.
11:55 of 3rd period - Evgeny Kuznetsov is hit by Jake Bean.
11:56 of 3rd period - Minor Penalty to Jake Bean for High sticking.
11:57 of 3rd period - Andreas Athanasiou wins face-off versus Jonathan Huberdeau in Jets zone.
12:32 of 3rd period - Shot by Nicolas Hague.
12:32 of 3rd period - Shot Misses the Net.
12:34 of 3rd period - Shot by Drake Batherson.
12:34 of 3rd period - Deflect By Jonathan Huberdeau.
12:34 of 3rd period - Stopped by Dan Vladar with a rebound.
12:36 of 3rd period - Shot by Rasmus Sandin.
12:36 of 3rd period - Shot Blocked by Hampus Lindholm.
12:38 of 3rd period - Shot by Jonathan Huberdeau.
12:38 of 3rd period - Stopped by Dan Vladar without a rebound.
12:39 of 3rd period - Evgeny Kuznetsov wins face-off versus Andreas Athanasiou in Jets zone.
12:50 of 3rd period - Shot by Kasperi Kapanen.
12:50 of 3rd period - Shot Misses the Net.
12:52 of 3rd period - Shot by Erik Cernak.
12:52 of 3rd period - Shot Misses the Net.
13:01 of 3rd period - Off-side.
13:02 of 3rd period - Jonathan Huberdeau wins face-off versus Gustav Nyquist in neutral zone.
13:28 of 3rd period - Jon Marchessault is hit by Torey Krug and loses puck.
13:35 of 3rd period - Shot by Jonathan Huberdeau.
13:35 of 3rd period - Shot Misses the Net.
13:44 of 3rd period - Off-side.
13:45 of 3rd period - Evgeny Kuznetsov wins face-off versus Mark Jankowski in neutral zone.
13:54 of 3rd period - Shot by Erik Cernak.
13:54 of 3rd period - Shot Blocked by Hampus Lindholm.
13:56 of 3rd period - Shot by Erik Cernak.
13:56 of 3rd period - Stopped by Dan Vladar without a rebound.
13:57 of 3rd period - Darren Helm wins face-off versus Mikael Granlund in Jets zone.
13:57 of 3rd period - Darren Helm is hit by Noel Acciari.
14:17 of 3rd period - Shot by Darren Helm.
14:17 of 3rd period - Shot Blocked by Dylan DeMelo.
14:39 of 3rd period - Shot by Garnet Hathaway.
14:39 of 3rd period - Shot Blocked by Dylan DeMelo.
14:50 of 3rd period - Alexander Romanov is hit by Connor Murphy and loses puck.
16:15 of 3rd period - Nate Schmidt is hit by Kasperi Kapanen and loses puck.
16:24 of 3rd period - Shot by Alexander Wennberg.
16:24 of 3rd period - Stopped by Dan Vladar without a rebound.
16:25 of 3rd period - Andreas Athanasiou wins face-off versus Mikael Granlund in Jets zone.
16:31 of 3rd period - Oliver Bjorkstrand is hit by Alexander Romanov and loses puck.
17:26 of 3rd period - Icing by Gustav Nyquist.
17:27 of 3rd period - Evgeny Kuznetsov wins face-off versus Andreas Athanasiou in Jets zone.
17:32 of 3rd period - Alexander Wennberg is hit by Dmitry Orlov and loses puck.
17:48 of 3rd period - Shot by Evgeny Kuznetsov.
17:48 of 3rd period - Shot Misses the Net.
17:50 of 3rd period - Shot by John Marino.
17:50 of 3rd period - Stopped by Dan Vladar without a rebound.
17:51 of 3rd period - Nick Schmaltz wins face-off versus Jonathan Huberdeau in Jets zone.
17:51 of 3rd period - Nick Schmaltz is hit by Drake Batherson.
18:35 of 3rd period - Icing by Nicolas Hague.
18:36 of 3rd period - Thomas Novak wins face-off versus Drake Batherson in MapleLeafs zone.
18:43 of 3rd period - Shot by Jonathan Huberdeau.
18:43 of 3rd period - Shot Misses the Net.
18:45 of 3rd period - Shot by Jon Marchessault.
18:45 of 3rd period - Shot Misses the Net.
18:52 of 3rd period - Icing by Darren Helm.
18:53 of 3rd period - Darren Helm wins face-off versus Evgeny Kuznetsov in Jets zone.
18:53 of 3rd period - Darren Helm is hit by Kasperi Kapanen.
19:03 of 3rd period - Jets, Dan Vladar is pulled from the net.
19:29 of 3rd period - Shot by Alexander Wennberg.
19:29 of 3rd period - Shot Misses the Net.
19:37 of 3rd period - Shot by Erik Cernak.
19:37 of 3rd period - Goal by Erik Cernak - MapleLeafs : 3 - Jets : 1.
19:37 of 3rd period - Dan Vladar from Jets was sent back in the game.
19:38 of 3rd period - Reilly Smith wins face-off versus Mikael Granlund in neutral zone.
19:46 of 3rd period - Off-side.
19:47 of 3rd period - Nick Schmaltz wins face-off versus Jonathan Huberdeau in neutral zone.
19:47 of 3rd period - Nick Schmaltz is hit by Drake Batherson.
Goals for this period are 1 for MapleLeafs vs 1 for Jets.
Shots for this period are 8 for MapleLeafs vs 5 for Jets.